Map: Frozen Temple

Players

Neeb - Winner!

  • Race: Protoss Protoss
  • League: Diamond

Hydra

  • Race: Zerg Zerg

Event: IEM Season 11 - Shanghai

VOD

Have the link to the VOD?

Description

Time

  • Played on: July 29, 2016, 5:36 a.m.
  • Length: 8:47

All games in this series

Show
View Real Time Build Order
Export as new Build Order

Neeb Protoss - Winner!

Build Orders: 1 Gate Expand 

Get SALT Encoding   

  12  0:00  Probe (Chrono Boost)  
  13  0:11  Probe (Chrono Boost)  
  14  0:18  Pylon  
  14  0:22  Probe (Chrono Boost)  
  15  0:36  Probe (Chrono Boost)  
  15  0:37  Gateway  
  16  0:47  Probe (Chrono Boost)  
  17  0:57  Probe (Chrono Boost)  
  17  0:58  Assimilator  
  18  1:08  Probe (Chrono Boost)  
  19  1:17  Nexus  
  19  1:20  Probe (Chrono Boost)  
  20  1:30  Cybernetics Core  
  20  1:33  Probe (Chrono Boost)  
  20  1:38  Assimilator  
  21  1:44  Probe (Chrono Boost)  
  22  1:48  Pylon  
  22  1:54  Probe (Chrono Boost)  
  22  1:58  Pylon  
  23  2:06  Adept, Warp Gate  
  23  2:07  Probe (Chrono Boost)  
  26  2:19  Probe (Chrono Boost)  
  26  2:22  Pylon  
  27  2:27  Twilight Council  
  27  2:31  Probe x2 (Chrono Boost)  
  29  2:37  Stalker  
  29  2:41  Probe (Chrono Boost)  
  29  2:42  Probe (Chrono Boost)  
  33  2:50  Resonating Glaives  
  33  2:52  Probe x2 (Chrono Boost)  
  35  3:03  Probe (Chrono Boost)  
  35  3:05  Probe (Chrono Boost)  
  37  3:09  Gateway  
  37  3:11  Gateway  
  37  3:14  Probe (Chrono Boost)  
  38  3:23  Probe (Chrono Boost), Robotics Facility  
  38  3:26  Adept  
  41  3:28  Probe (Chrono Boost)  
  43  3:35  Probe (Chrono Boost)  
  43  3:38  Pylon  
  43  3:39  Probe (Chrono Boost)  
  44  3:47  Probe (Chrono Boost)  
  45  3:49  Probe (Chrono Boost)  
  45  3:52  Pylon  
  46  3:59  Probe (Chrono Boost)  
  46  4:00  Probe (Chrono Boost)  
  48  4:05  Pylon  
  48  4:07  Warp Prism  
  48  4:08  Adept x3  
  57  4:22  Nexus  
  56  4:28  Mothership Core (Chrono Boost)  
  58  4:32  Adept x2  
  58  4:33  Adept  
  58  4:38  Probe (Chrono Boost), Pylon  
  65  4:42  Pylon  
  65  4:43  Observer  
  66  4:48  Probe (Chrono Boost)  
  66  4:49  Assimilator  
  66  4:52  Probe (Chrono Boost)  
  66  5:05  Adept  
  66  5:06  Adept x2  
  72  5:13  Probe (Chrono Boost)  
  74  5:16  Probe (Chrono Boost)  
  74  5:17  Assimilator  
  74  5:25  Probe (Chrono Boost)  
  74  5:26  Immortal  
  74  5:28  Probe (Chrono Boost)  
  70  5:29  Adept  
  70  5:30  Adept x2  
  75  5:37  Probe x2 (Chrono Boost)  
  75  5:40  Probe (Chrono Boost)  
  77  5:47  Probe (Chrono Boost)  
  77  5:49  Probe (Chrono Boost)  
  79  5:52  Probe (Chrono Boost)  
  79  5:56  Blink, Forge  
  76  5:58  Probe (Chrono Boost)  
  76  6:00  Adept x2  
  76  6:01  Probe (Chrono Boost), Adept  
  76  6:02  Immortal  
  83  6:04  Probe (Chrono Boost)  
  83  6:08  Probe (Chrono Boost)  
  88  6:13  Probe (Chrono Boost)  
  88  6:15  Protoss Ground Weapons Level 1  
  88  6:16  Probe (Chrono Boost)  
  88  6:17  Assimilator  
  90  6:19  Probe (Chrono Boost)  
  92  6:27  Probe (Chrono Boost)  
  92  6:28  Probe (Chrono Boost)  
  92  6:31  Probe (Chrono Boost)  
  94  6:36  Gateway  
  94  6:38  Immortal  
  94  6:39  Gateway  
  94  6:41  Gateway  
  86  6:50  Sentry x2  
  86  6:51  Sentry  
  88  6:57  Gateway, Assimilator  
  88  6:58  Probe (Chrono Boost), Gateway  
  88  6:59  Gateway  
  88  7:00  Gateway  
  89  7:05  Pylon x2  
  89  7:08  Pylon  
  89  7:14  Sentry x3, Warp Prism  
  97  7:26  Pylon x2  
  97  7:28  Pylon  
  97  7:35  Adept  
  97  7:36  Adept  
  101  7:37  Adept, Stalker  
  101  7:38  Stalker x2  
  109  7:51  Pylon  
  109  7:54  Pylon  
  109  8:02  Pylon  
  109  8:06  Adept x2  
  109  8:07  Adept x6  
  109  8:08  Adept x2  
  128  8:30  Stalker x3  
  128  8:31  Stalker x6  
  144  8:34  Stalker  
Show
View Real Time Build Order
Export as new Build Order

Hydra Zerg 

Build Orders: Hatch First 

Get SALT Encoding   

  12  0:00  Drone  
  13  0:12  Overlord  
  13  0:17  Drone  
  14  0:30  Drone  
  14  0:31  Drone  
  14  0:34  Drone  
  17  0:52  Hatchery  
  17  0:54  Drone  
  17  0:58  Drone  
  18  1:06  Drone  
  18  1:08  Extractor  
  18  1:16  Spawning Pool  
  17  1:19  Drone  
  18  1:28  Drone  
  19  1:39  Drone  
  20  1:51  Overlord  
  20  2:02  Queen  
  20  2:04  Queen, Zergling x4  
  26  2:09  Metabolic Boost  
  26  2:13  Drone  
  26  2:15  Drone  
  28  2:25  Drone  
  28  2:26  Drone  
  30  2:34  Drone  
  30  2:36  Drone  
  32  2:43  Hatchery  
  31  2:45  Drone  
  31  2:47  Drone  
  33  2:53  Overlord  
  33  2:57  Zergling x2  
  34  3:05  Zergling x2  
  35  3:08  Drone  
  35  3:11  Queen  
  35  3:12  Drone x2  
  40  3:14  Drone x2  
  40  3:18  Spore Crawler  
  40  3:19  Drone  
  41  3:20  Drone  
  43  3:27  Overlord  
  43  3:31  Overlord  
  43  3:39  Baneling Nest  
  43  3:40  Drone  
  43  3:47  Drone x3, Queen  
  48  3:50  Drone x4  
  48  3:55  Drone  
  53  3:56  Drone x2  
  55  4:03  Extractor, Overlord  
  55  4:08  Lair  
  54  4:10  Zergling x2  
  54  4:11  Zergling x4  
  57  4:18  Zergling x8  
  57  4:21  Drone x2  
  57  4:22  Drone  
  57  4:24  Extractor  
  62  4:26  Drone  
  62  4:27  Drone  
  62  4:28  Drone  
  62  4:29  Overlord  
  65  4:31  Baneling x2  
  65  4:33  Baneling  
  65  4:34  Drone  
  65  4:37  Drone  
  65  4:38  Extractor  
  66  4:39  Overlord  
  66  4:41  Zergling x4  
  66  4:44  Baneling x2  
  68  4:51  Zergling x6  
  64  5:00  Zergling x12  
  64  5:01  Zergling x6  
  72  5:07  Zergling x2  
  71  5:15  Drone x2  
  71  5:17  Hydralisk Den  
  71  5:20  Zergling x4  
  74  5:24  Zergling x6  
  74  5:25  Zergling x2  
  69  5:31  Zergling x4  
  64  5:37  Zergling x8  
  64  5:42  Zergling x8  
  66  5:54  Zergling x6  
  70  6:03  Muscular Augments  
  62  6:05  Drone  
  62  6:06  Drone x3  
  62  6:08  Drone  
  62  6:09  Roach Warren  
  66  6:12  Drone x2  
  66  6:16  Hydralisk x2  
  72  6:19  Baneling x4  
  72  6:20  Hydralisk  
  72  6:21  Hydralisk  
  72  6:25  Hydralisk  
  74  6:28  Hydralisk  
  74  6:29  Hydralisk  
  74  6:30  Queen  
  78  6:41  Drone x6  
  78  6:45  Overlord x2  
  76  6:50  Glial Reconstitution  
  76  6:53  Overseer  
  73  6:55  Drone x3  
  73  6:56  Drone  
  73  7:00  Evolution Chamber  
  76  7:05  Drone x3  
  76  7:06  Drone x2  
  81  7:09  Drone  
  81  7:10  Drone x2  
  81  7:14  Hydralisk  
  81  7:15  Hydralisk  
  88  7:17  Hydralisk  
  88  7:19  Overseer  
  90  7:22  Overlord  
  90  7:27  Hydralisk  
  92  7:32  Hydralisk x2  
  92  7:33  Extractor  
  95  7:40  Roach  
  95  7:41  Roach x2  
  95  7:42  Drone x2  
  95  7:43  Drone  
  104  7:46  Extractor  
  104  7:47  Roach  
  104  7:49  Overlord x2  
  105  7:51  Overlord  
  105  8:09  Hydralisk, Ravager x4  
  105  8:10  Hydralisk x6  
  105  8:12  Hydralisk  
  123  8:15  Zergling x2  
  123  8:16  Zergling x2  
  127  8:23  Hydralisk  

Tags
 
Add a new tag
Caveats
  • Supply blocks, unpowered buildings, or Contaminate may cause inaccurate times.
  • Supply counts are checked every 10 seconds.